 Dungeon Crawl Stone Soup version 0.10.4 character file.

278 Angani the Ruffian (level 5, -1/44 HPs)
             Began as a Draconian Monk on Dec 28, 2017.
             Slain by a phantom (4 damage)
             ... on Level 4 of the Dungeon.
             The game lasted 00:09:44 (2788 turns).

Angani the Ruffian (Draconian Monk)                 Turns: 2788, Time: 00:09:44

HP  -1/44        AC  5     Str 14      XL: 5   Next:  7%
MP   4/4         EV 13     Int 11      God:
Gold 134         SH  0     Dex 13      Spells:  0 memorised,  4 levels left

Res.Fire  : + . .   See Invis. : .     - Unarmed
Res.Cold  : . . .   Warding    : . . (armour unavailable)
Life Prot.: . . .   Conserve   : .   (no shield)
Res.Acid. : . . .   Res.Corr.  : .   (helmet restricted)
Res.Poison: .       Clarity    : .   (no cloak)
Res.Elec. : .       Spirit.Shd : .   (no gloves)
Sust.Abil.: . .     Stasis     : .   (no boots)
Res.Mut.  : .       Ctrl.Telep.: .   (no amulet)
Res.Rott. : .       Levitation : .   (no ring)
Saprovore : . . .   Ctrl.Flight: +   l - ring of protection from fire {unknown}

@: slightly resistant to hostile enchantments, fairly stealthy
A: unfitting armour
a: no special abilities


You were on level 4 of the Dungeon.
You were not hungry.

You visited 1 branch of the dungeon, and saw 4 of its levels.

You collected 134 gold pieces.

Inventory:

Comestibles
 b - 5 bread rations
Scrolls
 a - 4 scrolls of remove curse {unknown}
 c - 2 scrolls of curse armour {unknown}
 d - a scroll of random uselessness {unknown}
 e - 3 scrolls of teleportation {unknown}
 f - a scroll of enchant weapon II {unknown}
 g - 4 scrolls of identify {unknown}
 h - a scroll of recharging {unknown}
 i - a scroll of amnesia {unknown}
 j - 3 scrolls of detect curse {unknown}
 k - a scroll of magic mapping {unknown}
 m - a scroll of curse jewellery {unknown}
 o - a scroll of enchant weapon I {unknown}
Jewellery
 l - a ring of protection from fire (left hand) {unknown}
Potions
 n - a potion of poison {unknown}


   Skills:
 - Level 3.2 Fighting
 - Level 2.6 Dodging
 - Level 1.7 Stealth
 + Level 6.3 Unarmed Combat


You had 4 spell levels left.
You didn't know any spells.

Dungeon Overview and Level Annotations

Branches:
Dungeon (4/27)
 Temple: D:4-7

Altars:
Ashenzari
Kikubaaqudgha


Message History

The phantom is almost destroyed.
The phantom hits you.
* * * LOW HITPOINT WARNING * * *
The phantom blinks!
The phantom blinks!
The phantom hits you.
* * * LOW HITPOINT WARNING * * *
You barely miss the phantom.
The phantom is severely damaged.
The phantom hits you.
* * * LOW HITPOINT WARNING * * *
The phantom blinks!
The phantom blinks!
The phantom closely misses you.
You miss the phantom.
The phantom is severely damaged.
You hit the phantom but do no damage.
The phantom is severely damaged.
The phantom hits you.
You die...

.........# .........#
#####..### .# #####.## ##..#
#......# ####+#### ......
#......# #.......# .......
#......# #.......# .......
#......# #.......# .......
#......# #..@p...###..(...r.
#......# #.....).#..........
#......######.......'.#a.......
#......'....+.......###.......
#......######<......# .......
#####'## ##....### #####.. ##.#
##.##### #..# #......#
####'#### #......+


You could see a phantom.

Vanquished Creatures
  Ijyb (D:2)
  Jessica (D:2)
  4 adders
  2 giant mites
  2 oozes
  6 bats
  5 giant cockroaches
  8 hobgoblins
  A quokka (D:3)
  3 giant geckos (D:1)
  5 giant newts
  4 goblins
  9 kobolds
  11 rats
62 creatures vanquished.

Vanquished Creatures (others)
  A toadstool (D:2)
1 creature vanquished.

Grand Total: 63 creatures vanquished

Notes
Turn   | Place    | Note
--------------------------------------------------------------
     0 | D:1      | Angani, the Draconian Monk, began the quest for the Orb.
     0 | D:1      | Reached XP level 1. HP: 17/17 MP: 0/0
   283 | D:1      | Reached XP level 2. HP: 19/24 MP: 1/1
   976 | D:2      | Noticed Ijyb
   980 | D:2      | Noticed Jessica
   997 | D:2      | Killed Ijyb
   997 | D:2      | Reached skill level 5 in Unarmed Combat
   997 | D:2      | Reached XP level 3. HP: 16/30 MP: 2/2
  1001 | D:2      | Found a shattered altar of Ashenzari.
  1012 | D:2      | Killed Jessica
  1314 | D:2      | Found an ancient bone altar of Kikubaaqudgha.
  1383 | D:2      | Reached XP level 4. HP: 29/37 MP: 3/3
  2137 | D:3      | Reached skill level 6 in Unarmed Combat
  2678 | D:4      | Reached XP level 5. HP: 44/44 MP: 4/4
  2778 | D:4      | HP: 2/44 [phantom (3)]
  2788 | D:4      | Slain by a phantom
